 Dungeon Sprint DCSS version 0.30.1-11-g7821555f0a (webtiles) character file.

Game seed: 8870316397620161737

22638 Groucho the Tortoise (level 13, -14/101 HPs)
             Began as a Djinni Earth Elementalist on Jan 3, 2024.
             Was the Champion of Dithmenos.
             Demolished by an orc knight
             ... wielding a +0 glaive
              (34 damage)
             ... in the Dungeon (Sprint VII: "The Pits").
             The game lasted 00:24:36 (8215 turns).

Groucho the Tortoise (Djinni Earth Elementalist)    Turns: 8215, Time: 00:24:36

Health: -14/101    AC: 15    Str:  7    XL:     13   Next: 29%
Gold:   24         EV: 18    Int: 21    God:    Dithmenos [******] SH:  0 Dex: 15

rFire   + . .        l - +8 arc blade {discharge, rElec}
rCold   . . .        (no shield)
rNeg    . . .        n - +5 ring mail
rPois   ∞            (no helmet)
rElec   +            (no cloak)
rCorr   .            o - +0 pair of gloves
SInv    .            (boots unavailable)
Will    +....        (no amulet)
Stlth   +++++++++    g - +3 ring of evasion
HPRegen 0.36/turn    x - ring of ice
MPRegen 0.00/turn

%: no teleportation, infuse magic (-15 HP)
@: flying, wreathed by umbra, invisible
A: sickness immunity, fire resistance 2, cold vulnerability 1, float, innate
caster, HP casting, extra vitality 1
a: Renounce Religion, Shadow Step, Shadow Form


You were in the Dungeon.
You worshipped Dithmenos.
Dithmenos was exalted by your worship.
You visited 1 branch You collected 24 gold pieces.

Inventory:

Hand Weapons
 j - a +2 dagger of venom
 l - the +8 arc blade (weapon) {discharge, rElec}
   (You found it in the Dungeon)

   rElec:     It insulates you from electricity.
 m - the +7 lajatang of Order {silver, rMut}
   (You found it in the Dungeon)

   rMut:      It protects you from mutation.
 y - the +8 trishula "Condemnation" {holy, anguish, *Noise Fly rN+}
   (You found it in the Dungeon)

   rN:        It protects you from negative energy.
   Fly:       It grants you flight.
   *Noise:    It may make noises in combat.
Missiles
 a - 2 throwing nets
Armour
 n - a +5 ring mail (worn)
 o - a +0 pair of gloves (worn)
Jewellery
 g - a +3 ring of evasion (left hand)
 k - a +3 ring of strength
 v - a ring of fire
 x - a ring of ice (right hand)
Scrolls
 f - 2 scrolls of blinking
 i - a scroll of summoning
 r - 3 scrolls of fear
 s - 2 scrolls of identify
 u - a scroll of fog
Potions
 b - 12 potions of curing
 d - 5 potions of haste
 e - 6 potions of berserk rage
 h - a potion of invisibility
 p - a potion of resistance
 q - 3 potions of brilliance
 t - a potion of might
 w - a potion of cancellation


   Skills:
 - Level 12.0 Fighting
 + Level 12.9 Short Blades
 + Level 15.1 Armour
 + Level 12.9 Dodging
 - Level 13.0 Stealth
 + Level 13.0 Spellcasting


You knew the following spells:

 Your Spells              Type           Power      Damage    Failure   Level
a - Sandblast             Erth           100%       2d20      1%          1
b - Passwall              Tmut/Erth      51%        N/A       1%          2
c - Stone Arrow           Conj/Erth      100%       3d13      1%          3
d - Petrify               Tmut/Erth      62%        N/A       1%          4
e - Shock                 Conj/Air       100%       1d9       1%          1
f - Call Imp              Summ           100%       N/A       1%          2
g - Call Canine Familiar  Summ           62%        N/A       1%          3
h - Passage of Golubria   Tloc           62%        N/A       1%          4
i - Sticky Flame          Conj/Fire      62%        2d8       1%          4
j - Silence               Hex/Air        31%        N/A       1%          5
Your spell library was empty.

Dungeon Overview and Level Annotations

Branches:
Dungeon (1/1)

Altars:
Ashenzari
Cheibriados
Dithmenos
Elyvilon
Fedhas
Gozag
Hepliaklqana
Makhleb
Nemelex Xobeh
Okawaru
Qazlal
Ru
Trog
Uskayaw
Wu Jian
Xom
Yredelemnul
Zin
The Shining One
Jiyva
Lugonu


Innate Abilities, Weirdness & Mutations

You are immune to sickness and miasma.
You are immune to poison.
Your flesh is very heat resistant. (rF++)
You are vulnerable to cold. (rC-)
You float through the air rather than walking.
You learn spells naturally, not from books.
Your magical power is your life essence.
You have superior vitality. (+4 MHP)


Message History

Press: ? - help, Q - select action, (/) - cycle Shift-Dir - straight line, f - orc knight
Aim: an orc knight, wielding a +3 great sword and wearing a +0 plate armour (lightly wounded, strong, ally target, umbra, 78% to hit)
The stone arrow hits the orc knight!
The orc knight is moderately wounded.
Your shadow mimicks your spell!
The shadow shard hits the orc knight!
Your warg bites the orc knight.
The orc knight hits your warg with a +3 great sword!!
Your warg dies!
Your warg's corpse disappears in a puff of smoke!
The orc knight shouts!
Unknown command.
Aiming: Stone Arrow (safe; 1% risk of failure)
Press: ? - help, Q - select action, (/) - cycle Shift-Dir - straight line, f/p - orc knight
Aim: an orc knight, wielding a +3 great sword and wearing a +0 plate armour (moderately wounded, strong, umbra, 78% to hit)
The stone arrow hits the orc knight!
The orc knight is severely wounded.
Your shadow mimicks your spell!
The shadow shard hits the orc knight!!
The orc warlord shouts!
You hear a deafening roar!
The orc knight closely misses you.
You hear a shout!
Unknown command.
The orc knight hits you with a +3 great sword!!
You emit a cloud of dark smoke.
Casting: Stone Arrow (safe; 1% risk of failure)
Confirm with . or Enter, or press ? or * to list all spells.
The orc knight hits your warg with a +0 great sword!
The orc knight hits you from afar with a +0 glaive!
You emit a cloud of dark smoke.
The orc knight hits you with a +3 great sword!!
* * * LOW HITPOINT WARNING * * *
The orc warlord hits your warg with a +0 war axe!!
Your warg dies!
Your warg's corpse disappears in a puff of smoke!
Unknown command.
You fade into invisibility!
The orc knight hits you from afar with a +0 glaive!!
You die...

#++########################
#.......§§oo§o.............
#.).....§§@§ooXp.o.........
#..##############o'########
#.)# #....oo..# #..#
#.#.h..#.# #.)#
............ #..#
#.#.#....#.#.# #..#
#.....oo.....# #..#
.#.#.ooo#.#.# #######..# o.
..o.......


You could see a tentacled monstrosity, 2 orc warlords, a vault guard and 5 orc
knights.

Vanquished Creatures
  A minotaur (D)
  Josephine (D)
  A vault guard (D)
  Harold (D)
  A merfolk avatar (D)
  An alligator (D)
  A naga warrior (D)
  A deep elf knight (D)
  5 skeletal warriors (D)
  A sea snake (D)
  A deep troll (D)
  5 harpies (D)
  An orc knight (D)
  A salamander (D)
  A cyclops (D)
  2 manticores (D)
  2 gargoyles (D)
  A cane toad (D)
  A demonic crawler (D)
  A rime drake (D)
  A troll (D)
  A hellwing (D)
  A tyrant leech (D)
  A hornet (D)
  5 dream sheep (D)
  4 wraiths (D)
  A ynoxinul (D)
  A basilisk (D)
  A fire bat (D)
  A redback (D)
  A steam dragon (D)
  4 vampire mosquitoes (D)
  2 nagas (D)
  A water moccasin (D)
  A floating eye (D)
  2 sky beasts (D)
  A black bear (D)
  An orc warrior (D)
  2 ogres (D)
  2 centaurs (D)
  3 lemures (D)
  8 wights (D)
  6 killer bees (D)
  A quasit (D)
  An orc priest (D)
  An iguana (D)
  An orc wizard (D)
  2 mummies (D)
  4 gnolls (D)
  An adder (D)
  2 white imps (D)
  An adder skeleton (D)
  3 orcs (D)
  A bat skeleton (D)
  2 giant cockroaches (D)
  A goblin (D)
  4 jackals (D)
  2 quokkas (D)
  A ball python (D)
  A frilled lizard (D)
  A kobold (D)
111 creatures vanquished.

Vanquished Creatures (collateral kills)
  A shadow wraith (D)
  An orc knight (D)
  Pikel (D)
  A necromancer (D)
  A deep elf pyromancer (D)
  Psyche (D)
  A hellwing (D)
  A naga (D)
  A centaur (D)
  A gnoll sergeant (D)
  An orc wizard (D)
  An adder zombie (D)
  An adder skeleton (D)
  A bat zombie (D)
  A ball python zombie (D)
  A bat simulacrum (D)
16 creatures vanquished.

Grand Total: 127 creatures vanquished

Notes
Turn   | Place    | Note
-------+----------+-------------------------------------------
     0 | D        | Groucho the Djinni Earth Elementalist began the quest for
                  | the Orb.
     0 | D        | Groucho set off with the following spells memorised:
                  | Sandblast, Passwall, Stone Arrow, Petrify.
     0 | D        | Reached XP level 1. HP: 15/15 MP: 0/0
    43 | D        | Found a bloodstained altar of Trog.
    43 | D        | Found a viscous altar of Jiyva.
    43 | D        | Found a hazy altar of Hepliaklqana.
    43 | D        | Found an opulent altar of Gozag.
    44 | D        | Found a glowing golden altar of the Shining One.
    44 | D        | Found a glowing silver altar of Zin.
    44 | D        | Found a basalt altar of Yredelemnul.
    44 | D        | Found a shimmering altar of Xom.
    44 | D        | Found an ornate altar of the Wu Jian Council.
    44 | D        | Found a sacrificial altar of Ru.
    44 | D        | Found a stormy altar of Qazlal.
    44 | D        | Found an iron altar of Okawaru.
    44 | D        | Found a sparkling altar of Nemelex Xobeh.
    44 | D        | Found a burning altar of Makhleb.
    44 | D        | Found a blossoming altar of Fedhas.
    44 | D        | Found a white marble altar of Elyvilon.
    44 | D        | Found a shadowy altar of Dithmenos.
    44 | D        | Found a snail-covered altar of Cheibriados.
    46 | D        | Found a corrupted altar of Lugonu.
    47 | D        | Found a broken altar of Ashenzari.
    47 | D        | Found a hide-covered altar of Uskayaw.
    54 | D        | Became a worshipper of Dithmenos the Shadowed
    70 | D        | Reached * piety under Dithmenos
    71 | D        | Reached XP level 2. HP: 18/21 MP: 0/0
   227 | D        | Reached ** piety under Dithmenos
   228 | D        | Reached XP level 3. HP: 21/25 MP: 0/0
   228 | D        | Learned a level 1 spell: Shock
   230 | D        | Noticed a floating eye
   232 | D        | Killed a floating eye
   233 | D        | Reached skill level 5 in Spellcasting
   233 | D        | Reached XP level 4. HP: 28/35 MP: 0/0
   233 | D        | Reached XP level 5. HP: 32/40 MP: 0/0
   233 | D        | Learned a level 2 spell: Call Imp
   419 | D        | Reached *** piety under Dithmenos
   420 | D        | Reached skill level 2 in Armour
   420 | D        | Reached skill level 5 in Dodging
   422 | D        | Reached skill level 3 in Armour
   422 | D        | Reached XP level 6. HP: 40/46 MP: 0/0
   680 | D        | Noticed an ogre
   688 | D        | Reached skill level 5 in Short Blades
   688 | D        | Reached skill level 5 in Stealth
   688 | D        | Killed an ogre
   689 | D        | Reached skill level 5 in Armour
   689 | D        | Reached XP level 7. HP: 38/50 MP: 0/0
   689 | D        | Learned a level 3 spell: Call Canine Familiar
   689 | D        | Reached **** piety under Dithmenos
   690 | D        | Reached skill level 6 in Armour
   890 | D        | Noticed a water moccasin
   907 | D        | Reached skill level 7 in Armour
   912 | D        | Reached skill level 8 in Armour
  1254 | D        | Reached ***** piety under Dithmenos
  1255 | D        | Reached XP level 8. HP: 53/56 MP: 0/0
  1566 | D        | Reached skill level 9 in Armour
  1569 | D        | Reached skill level 5 in Fighting
  1569 | D        | Reached ****** piety under Dithmenos
  1570 | D        | Reached XP level 9. HP: 35/65 MP: 0/0
  1570 | D        | Learned a level 4 spell: Passage of Golubria
  2012 | D        | Found the +8 arc blade {discharge, rElec}
  2012 | D        | Found the +7 lajatang of Order {silver, rMut}
  3050 | D        | Reached skill level 10 in Armour
  3319 | D        | Noticed a troll
  3322 | D        | Killed a troll
  3343 | D        | Noticed a skeletal warrior
  3343 | D        | Noticed a skeletal warrior
  3346 | D        | Killed a skeletal warrior
  3347 | D        | Reached skill level 10 in Spellcasting
  3347 | D        | Reached XP level 10. HP: 69/75 MP: 0/0
  3350 | D        | Killed a skeletal warrior
  3504 | D        | Noticed a skeletal warrior
  3510 | D        | Killed a skeletal warrior
  3511 | D        | Reached skill level 11 in Armour
  3708 | D        | Noticed a manticore
  3713 | D        | Noticed a harpy
  3713 | D        | Noticed a skeletal warrior
  3713 | D        | Noticed a skeletal warrior
  3718 | D        | Killed a skeletal warrior
  3719 | D        | Killed a manticore
  3728 | D        | Killed a skeletal warrior
  3729 | D        | Reached XP level 11. HP: 44/82 MP: 0/0
  3729 | D        | Learned a level 4 spell: Sticky Flame
  4036 | D        | Noticed a harpy
  4037 | D        | Noticed a harpy
  4038 | D        | Noticed a minotaur
  4038 | D        | Noticed a harpy
  4038 | D        | Noticed a harpy
  4054 | D        | Killed a minotaur
  4055 | D        | Reached skill level 12 in Armour
  4062 | D        | Killed a harpy
  4064 | D        | Killed a harpy
  4065 | D        | Reached skill level 10 in Dodging
  4065 | D        | Killed a harpy
  4066 | D        | Reached skill level 10 in Short Blades
  4066 | D        | Reached skill level 10 in Stealth
  4530 | D        | Killed a harpy
  4531 | D        | Reached skill level 10 in Fighting
  4535 | D        | Killed a harpy
  4837 | D        | Noticed a manticore
  4837 | D        | Noticed Josephine
  4838 | D        | Noticed a deep troll
  4840 | D        | Killed Josephine
  4847 | D        | Killed a manticore
  4848 | D        | Reached skill level 13 in Armour
  4851 | D        | Killed a deep troll
  4852 | D        | Reached XP level 12. HP: 52/93 MP: 0/0
  5308 | D        | Noticed a sea snake
  5326 | D        | Killed a sea snake
  5370 | D        | Noticed Pikel
  5377 | D        | Killed Pikel
  5511 | D        | Noticed Harold
  5531 | D        | Killed Harold
  5678 | D        | Reached skill level 14 in Armour
  5729 | D        | Found the +8 trishula "Condemnation" {holy, anguish, *Noise
                  | Fly rN+}
  6431 | D        | Noticed Psyche
  6435 | D        | Noticed an alligator
  6441 | D        | Killed an alligator
  6442 | D        | Killed Psyche
  6504 | D        | Noticed a naga warrior
  6632 | D        | Reached XP level 13. HP: 88/101 MP: 0/0
  6632 | D        | Learned a level 5 spell: Silence
  7119 | D        | Noticed a merfolk avatar
  7135 | D        | Killed a merfolk avatar
  7323 | D        | Noticed an orc warlord
  7765 | D        | Reached skill level 15 in Armour
  8201 | D        | Noticed an orc warlord
  8201 | D        | Noticed a vault guard
  8202 | D        | Noticed a vault guard
  8206 | D        | Noticed a vault guard
  8210 | D        | Killed a vault guard
  8210 | D        | Noticed a tentacled monstrosity
  8215 | D        | Demolished by an orc knight

Illustrated notes

Levels and vault maps discovered:
D:        pitsprint [storerooms_1, entrance_room_1, metal_vault_6, armoury_3,
          mini_pit_1, grid_room_1, main_hall_1, silver_pit, the_coven_3,
          the_vestibule_1, steel_vault_3, golden_pit, hallway_of_sentries,
          crystal_vault_4, iron_vault_4, final_vault]

Skill      XL: |  1  2  3  4  5  6  7  8  9 10 11 12 13 |
---------------+----------------------------------------+-----
Spellcasting   | 4 5 6 8 9 10 11 12 13 | 13.0
Fighting       | 3 5 7 8 10 12 | 12.0
Short Blades   | 3 4 5 6 8 9 10 12 | 12.9
Dodging        | 4 5 7 9 10 12 | 12.9
Stealth        | 3 4 5 6 8 9 10 12 13 | 13.0
Armour         | 3 5 8 9 10 11 13 14 15 | 15.1

Action                     |  1- 3 |  4- 6 |  7- 9 | 10-12 | 13-15 || total
---------------------------+-------+-------+-------+-------+-------++-------
  Melee: Dagger            |       |       |     7 |       |       ||     7
         Rapier            |       |       |    14 |    20 |     5 ||    39
   Cast: Sandblast         |    13 |       |       |       |       ||    13
         Stone Arrow       |       |     7 |    39 |   108 |    23 ||   177
         Petrify           |       |       |     6 |     1 |       ||     7
         Call Canine Famil |       |       |       |    17 |     7 ||    24
         Call Imp          |       |       |       |     9 |     2 ||    11
    Use: Potion            |       |       |     2 |     4 |     5 ||    11
         Scroll            |       |       |       |       |     1 ||     1
   Stab: Petrified         |       |       |     8 |       |       ||     8
         Sleeping          |       |       |     4 |       |       ||     4
         Distracted        |       |       |       |       |     1 ||     1
 Armour: Ring mail         |       |       |     6 |    20 |     1 ||    27
         Robe              |       |       |     1 |       |       ||     1
  Dodge: Dodged            |     1 |     1 |    22 |    76 |    11 ||   111
